 Dungeon Crawl Stone Soup version 0.27-a0-1188-g73eefd5def (webtiles) character file.

Game seed: 2611402974536389646

30 Glokmah the Skirmisher (level 3, -3/29 HPs)
             Began as a Demonspawn Fighter on May 22, 2021.
             Slain by Terence
             ... wielding a +4 flail of holy wrath
              (12 damage)
             ... on level 2 of the Dungeon.
             The game lasted 00:02:05 (1401 turns).

Glokmah the Skirmisher (Demonspawn Fighter)         Turns: 1401, Time: 00:02:05

Health: -3/29      AC:  7    Str: 16    XL:     3   Next: 3%
Magic:  3/3        EV:  6    Int:  9    God:
Gold:   55         SH:  9    Dex: 13    Spells: 2/2 levels left

rFire    . . .     SeeInvis .   a - +0 war axe
rCold    . . .     Faith    .   c - +0 kite shield
rNeg     . . .     Spirit   .   b - +0 scale mail
rPois    .         Reflect  .   (no helmet)
rElec    .         Harm     .   (no cloak)
rCorr    .         Rampage  .   k - +0 pair of gloves
Will     .....                  (no boots)
Stlth    ..........             (no amulet)
HPRegen  0.09/turn              (no ring)
MPRegen  0.08/turn              (no ring)

@: no status effects
A: spiny 1
a: no special abilities


You were on level 2 of the Dungeon.
You visited 1 branch of the dungeon, and saw 3 of its levels.

You collected 55 gold pieces.

Inventory:

Hand Weapons
 a - a +0 war axe (weapon)
Armour
 b - a +0 scale mail (worn)
 c - a +0 kite shield (worn)
 k - a +0 pair of gloves (worn)
Jewellery
 e - a ring of positive energy
Potions
 d - a potion of might
 f - a potion of flight {unknown}
 j - a potion of curing {unknown}


   Skills:
 + Level 3.2 Fighting
 * Level 2.4 Axes
 + Level 3.0 Armour
 + Level 2.9 Shields


You had 2 spell levels left.
You didn't know any spells.
Your spell library was empty.

Dungeon Overview and Level Annotations

Branches:
Dungeon (3/15)

Altars:

Annotations:
D:2 Terence


Innate Abilities, Weirdness & Mutations

You are partially covered in sharp spines.


Message History

t - Shout!
Orders for allies: a - Attack new target. r - Retreat! s - Stop attacking. g - Guard the area. f - Follow me.
Anything else - Cancel.
You shout for attention!
You see here a hobgoblin skeleton.
You barely miss the frilled lizard. You block the frilled lizard's attack.
Your ball python bites the frilled lizard.
Your ball python closely misses the frilled lizard.
The frilled lizard is struck by your spines.
You kill the frilled lizard!
You see here a frilled lizard corpse.
Your quokka dissolves into shadows!
What are your orders? t - Shout!
Orders for allies: a - Attack new target. r - Retreat! s - Stop attacking. g - Guard the area. f - Follow me.
Anything else - Cancel.
You shout for attention!
You hear a shout!
Your ball python dissolves into shadows!
What are your orders? t - Shout!
Orders for allies: a - Attack new target. r - Retreat! s - Stop attacking. g - Guard the area. f - Follow me.
Anything else - Cancel.
Gang up on whom?
Press: ? - help, Dir - move target, f - Terence
Aim: Terence, wielding a +4 flail of holy wrath and wearing a +0 chain mail Attack!
Your hobgoblin dissolves into shadows!
You barely miss Terence. You block Terence's attack.
You closely miss Terence.
Terence hits you with a +4 flail of holy wrath.
You convulse.
Terence hits you with a +4 flail of holy wrath!
You convulse!
You die...

#.............# #.####.#
#.............## #....#.#
#..............# #.##.#.#
#............<.## #.##...#
#...†.........).# #.####.#
#.............#.# #.# #.####
#.............#.# #.# #.....
#..........@..#.# #.######.♣♣
#...........@.#.# #.##[.....♣
#.............#.###.####.♣♣.♣
#.............#..##.# #....♣
#.............##.##.####..♣♣.
#.............##..#.......♣.♣
#############....†÷.##....♣.♣
#...##.###)..###...♣..
#...##.# ##..# #..♣♣..
#...##.####..###...♣♣♣


You could see Terence.

Vanquished Creatures
  A dart slug (D:1)
  2 ball pythons (D:1)
  2 endoplasms (D:1)
  2 giant cockroaches (D:1)
  2 goblins (D:2)
  2 hobgoblins (D:2)
  6 kobolds
  A quokka (D:1)
  2 bats (D:1)
  2 frilled lizards
  4 rats
26 creatures vanquished.

Notes
Turn   | Place    | Note
-------+----------+-------------------------------------------
     0 | D:1      | Glokmah the Demonspawn Fighter began the quest for the Orb.
     0 | D:1      | Reached XP level 1. HP: 18/18 MP: 1/1
   317 | D:1      | Gained mutation: You are partially covered in sharp spines.
                  | [demonic ancestry]
   317 | D:1      | Reached XP level 2. HP: 21/24 MP: 2/2
  1138 | D:2      | Found a faded altar of an unknown god.
  1185 | D:2      | Noticed Terence
  1188 | D:2      | Reached XP level 3. HP: 27/29 MP: 3/3
  1401 | D:2      | Slain by Terence

Illustrated notes

Levels and vault maps discovered:
D:1:      minmay_arrival_checkered_box, layout_loops_ring
D:2:      layout_basic, chequers_ecumenical_altar_grove, uniq_terence
D:3:      layout_basic

Skill      XL: |  1  2 |
---------------+-------+-----
Axes           | 2 |  2.4
Armour         | 3 |  3.0
Fighting       | |  3.2
Shields        | |  2.9

Action                   || total
-------------------------++-------
Melee: War axe           ||    66
  Use: Scroll            ||     4
Armor: Scale mail        ||    41
Dodge: Dodged            ||    18
Block: Kite shield       ||    29

Table legend: (Time is in decaauts)
 A = Elapsed time spent in this place.
 B = Non-inter-level travel time spent in this place.
 C = Inter-level travel time spent in this place.
 D = Time resting spent in this place.
 E = Time spent auto-exploring this place.
 F = Levels seen in this place.
 G = Mean time per level.
                   A        B        C        D        E       F      G
               +--------+--------+--------+--------+--------+-----+--------+
         Total |   1444 |   1325 |    119 |    131 |    898 |   3 |  481.3 |
       Dungeon |   1444 |   1325 |    119 |    131 |    898 |   3 |  481.3 |
               +--------+--------+--------+--------+--------+-----+--------+

Top non-repeatable levels by time:
     D:1: 996 daAuts
     D:2: 431 daAuts
     D:3: 15 daAuts
